 Dungeon Crawl Stone Soup version 0.26.1-2-gb8aa6d0cf2 (webtiles) character file.

Game seed: 2685021582875419868

700 H0rd4k the Charlatan (level 7, -5/52 HPs)
             Began as a Human Artificer on Feb 17, 2021.
             Slain by Prince Ribbit (18 damage)
             ... on level 5 of the Dungeon.
             The game lasted 00:10:58 (8334 turns).

H0rd4k the Charlatan (Human Artificer)              Turns: 8334, Time: 00:10:59

Health: -5/52      AC:  4    Str: 14    XL:     7   Next: 98%
Magic:  7/7        EV: 13    Int: 12    God:
Gold:   241        SH:  5    Dex: 13    Spells: 6/6 levels left

rFire    . . .     SeeInvis .   y - +1 dagger (drain)
rCold    . . .     Faith    .   (no shield)
rNeg     . . .     Spirit   .   b - +0 leather armour
rPois    +         Reflect  +   (no helmet)
rElec    .         Harm     .   (no cloak)
rCorr    .         Rampage  .   (no gloves)
Will     .....                  q - +0 pair of boots
Stlth    ++........             u - amulet of reflection
HPRegen  0.17/turn              g - ring of poison resistance
MPRegen  0.10/turn              (no ring)

@: about to teleport
A: no striking features
a: no special abilities


You were on level 5 of the Dungeon.
You visited 1 branch of the dungeon, and saw 5 of its levels.

You collected 241 gold pieces.

Inventory:

Hand Weapons
 f - a +0 dagger
 y - a +1 dagger of draining (weapon)
Armour
 b - a +0 leather armour (worn)
 n - a +0 pair of gloves
 q - a +0 pair of boots (worn)
Jewellery
 g - a ring of poison resistance (left hand)
 u - an amulet of reflection (around neck)
Wands
 d - a wand of enslavement (4)
 e - a wand of random effects (9)
Scrolls
 a - a scroll of immolation {unknown}
 c - 3 scrolls of remove curse
 i - 4 scrolls of teleportation
 j - 2 scrolls of blinking
 w - 2 scrolls of magic mapping {unknown}
Potions
 h - 2 potions of cancellation
 k - a potion of mutation
 l - 2 potions of invisibility
 m - a potion of heal wounds
 o - a potion of magic
 r - a potion of lignification
 s - 2 potions of attraction
 t - 3 potions of curing
 v - a potion of haste {unknown}
 x - a potion of resistance


   Skills:
 + Level 3.0 Fighting
 + Level 4.1 Short Blades
 + Level 3.5 Armour
 + Level 3.1 Dodging
 + Level 3.2 Stealth
 + Level 0.2 Shields
 + Level 4.2 Evocations


You had 6 spell levels left.
You didn't know any spells.
Your spell library was empty.

Dungeon Overview and Level Annotations

Branches:
Dungeon (5/15)
 Temple: D:4-7

Altars:
Trog
Vehumet
Yredelemnul
Zin
The Shining One

Annotations:
D:3 1 runed translucent door, exclusion: door
D:5 Prince Ribbit


Message History

The sky beast flickers out of sight!
Deactivating autopickup; reactivate with Ctrl-A.
A sky beast appears from thin air!
Reactivating autopickup.
The sky beast flickers out of sight!
Deactivating autopickup; reactivate with Ctrl-A.
Prince Ribbit croaks.
A sky beast appears from thin air!
Reactivating autopickup.
Prince Ribbit blinks!
Prince Ribbit blinks!
Prince Ribbit hops awkwardly around.
As you read the scroll of teleportation, it crumbles to dust.
You feel strangely unstable.
The sky beast hits you but does no damage.
You miss Prince Ribbit. Prince Ribbit hits you!! The sky beast hits you.
The sky beast shocks you.
* * * LOW HITPOINT WARNING * * *
The sky beast barely misses you. Prince Ribbit hits you!!
You die...

#.....##..# #.# #.....##..#
#.# #.#.####..### #.#
#.#.#...^...# #.#
#.#.#.##..#.# ### #.#
#.#.#.##..#.# ##.########.#
#.#.#.##..#.# #.#.........#
#.........#F#####.##########
###.#.##.##@Y.....#
#.#.##.##########
########.#.##.#
†.....##.#.##.#
..............#
..############# ###


You could see Prince Ribbit and a sky beast.

Vanquished Creatures
  An ice beast (D:2)
  A bullfrog (D:4)
  A howler monkey (D:5)
  A hound (D:5)
  3 orc priests
  3 iguanas
  3 worker ants
  A hound zombie (D:5)
  8 adders
  A shadow imp (D:5)
  An ufetubus (D:2)
  2 oozes (D:2)
  4 worms
  A dart slug (D:1)
  2 leopard geckos (D:2)
  5 orcs
  6 giant cockroaches
  9 goblins
  15 hobgoblins
  12 jackals
  2 quokkas (D:3)
  6 bats
  4 frilled lizards
  4 kobolds
  7 rats
103 creatures vanquished.

Vanquished Creatures (collateral kills)
  A jackal (D:3)
  A kobold (D:2)
  A quokka (D:2)
  A rat (D:2)
4 creatures vanquished.

Vanquished Creatures (others)
  An orc wizard (D:5)
  2 adders
  A bat (D:2)
  A kobold (D:2)
5 creatures vanquished.

Grand Total: 112 creatures vanquished

Notes
Turn   | Place    | Note
-------+----------+-------------------------------------------
     0 | D:1      | H0rd4k the Human Artificer began the quest for the Orb.
     0 | D:1      | Reached XP level 1. HP: 15/15 MP: 1/1
   348 | D:1      | Reached XP level 2. HP: 19/21 MP: 2/2
   919 | D:1      | Reached XP level 3. HP: 21/26 MP: 3/3
  2502 | D:2      | Reached XP level 4. HP: 28/32 MP: 4/4
  2622 | D:2      | HP: 1/33 [poisoned by an adder]
  2920 | D:2      | Noticed an ice beast
  2926 | D:2      | Killed an ice beast
  2927 | D:2      | Reached skill level 1 in Short Blades
  2927 | D:2      | Reached XP level 5. HP: 38/38 MP: 5/5
  3405 | D:3      | Reached XP level 6. HP: 14/44 MP: 6/6
  5142 | D:3      | Found a glowing silver altar of Zin.
  5807 | D:3      | Found a runed translucent door.
  5807 | D:3      | Noticed a human
  5890 | D:3      | Found a basalt altar of Yredelemnul.
  6231 | D:3      | Found a glowing golden altar of the Shining One.
  6439 | D:4      | Reached XP level 7. HP: 41/51 MP: 7/7
  6812 | D:4      | Found a bloodstained altar of Trog.
  6819 | D:4      | Found a radiant altar of Vehumet.
  7268 | D:5      | Entered Level 5 of the Dungeon
  8273 | D:5      | Noticed Prince Ribbit
  8334 | D:5      | Slain by Prince Ribbit

Illustrated notes

Levels and vault maps discovered:
D:1:      lightli_arrival_boilingwater, layout_basic, minmay_misc_feat_roman,
          hangedman_decor_clover_reticule, minmay_misc_feat_cross
D:2:      layout_loops_ring, minmay_joined_circles
D:3:      layout_basic, tso_altar, lemuel_coloured_pillars_altar,
          minmay_misc_feat_iff, minmay_misc_feat_secret_circle,
          dk_yredelemnul_ordeal
D:4:      layout_rooms, amethyst_overflow_temple_binary
D:5:      layout_loops_ring, uniq_prince_ribbit1

Skill      XL: |  1  2  3  4  5  6  7 |
---------------+----------------------+-----
Fighting       | 2 3 |  3.0
Short Blades   | 1 3 4 |  4.1
Armour         | 3 |  3.5
Dodging        | 2 3 |  3.1
Stealth        | 2 3 |  3.2
Evocations     | 4 |  4.2
Shields        | |  0.2

Action                   |  1- 3 |  4- 6 |  7- 9 || total
-------------------------+-------+-------+-------++-------
Melee: Club              |    23 |       |       ||    23
       Dagger            |   183 |   399 |   161 ||   743
Evoke: Wand              |     3 |    32 |     1 ||    36
  Use: Potion            |       |     4 |     1 ||     5
       Scroll            |       |     1 |    11 ||    12
 Stab: Sleeping          |     2 |     2 |     4 ||     8
       Betrayed ally     |     1 |       |       ||     1
       Paralysed         |       |     3 |       ||     3
Armor: Leather armour    |    44 |    76 |    23 ||   143
Dodge: Dodged            |   119 |   228 |    47 ||   394
Block: Other             |       |     2 |    19 ||    21
